 Dungeon Crawl Stone Soup version 0.26-a0-362-g1d9a9cd4fa (webtiles) character file.

Game seed: 13322260043228712181

30 BritishOli the Skirmisher (level 3, 16/29 HPs)
             Began as a Demonspawn Fighter on July 18, 2020.
             Quit the game on level 1 of the Dungeon.
             The game lasted 00:00:18 (138 turns).

BritishOli the Skirmisher (Demonspawn Fighter)       Turns: 138, Time: 00:00:19

Health: 16/29      AC:  6    Str: 17    XL:     3   Next: 3%
Magic:  3/3        EV:  7    Int:  9    God:
Gold:   27         SH:  9    Dex: 12    Spells: 2/2 levels left

rFire    . . .     SeeInvis .   a - +0 long sword
rCold    . . .     Faith    .   c - +0 kite shield
rNeg     . . .     Spirit   .   b - +0 scale mail
rPois    .         Reflect  .   (no helmet)
rElec    .         Harm     .   (no cloak)
rCorr    .                      (no gloves)
MR       .....                  (no boots)
Stlth    +.........             (no amulet)
HPRegen  0.09/turn              (no ring)
MPRegen  0.08/turn              (no ring)

@: no status effects
A: claws 1, nightstalker 1
a: no special abilities


You were on level 1 of the Dungeon.
You visited 1 branch of the dungeon, and saw 1 of its levels.

You collected 27 gold pieces.

Inventory:

Hand Weapons
 a - a +0 long sword (weapon)
Armour
 b - a +0 scale mail (worn)
 c - a +0 kite shield (worn)
Potions
 d - a potion of might
 e - a potion of brilliance {unknown}


   Skills:
 + Level 3.3 Fighting
 + Level 2.2 Long Blades
 + Level 3.0 Armour
 + Level 3.0 Shields


You had 2 spell levels left.
You didn't know any spells.
Your spell library was empty.

Dungeon Overview and Level Annotations

Branches:
Dungeon (1/15)

Altars:


Innate Abilities, Weirdness & Mutations

You have sharp fingernails.
You are slightly more attuned to the shadows.


Message History

Your shield prevents you from hitting the goblin.
The goblin is severely wounded.
The goblin hits you with a +0 club. The dart slug bites you.
You hit the goblin.
You kill the goblin!
You have reached level 3!
Your experience leads to an increase in your attributes!
Increase (S)trength, (I)ntelligence, or (D)exterity?
You feel stronger.
Your demonic ancestry asserts itself...
You slip into the darkness of the dungeon.
The dart slug bites you but does no damage.
You hit the kobold.
The kobold is heavily wounded.
The kobold barely misses you. You block the dart slug's attack.
You hit the kobold.
You kill the kobold!
You block the dart slug's attack.
Items here: )) †† a +0 club x2; a goblin corpse; a leopard gecko corpse Are you sure you want to abandon this character and quit the game? (Confirm with "yes".)

..##. #†#### ..##
#†...# #.## #....# ###
....##....# #..##
#.#.......# ###.....
#........## #.....
##.......# #...
#.#....)#######.#
#.#...........@w#
#...........####†b.....
##.....................
#.##.##...g....#......
#. #. ##..K..=.##..##.
# #. #...........# ..
#......... .#
#?........ ##
+.........


You could see a dart slug and a bat.

Vanquished Creatures
  A gnoll (D:1)
  2 dart slugs (D:1)
  A leopard gecko (D:1)
  A bat (D:1)
  A giant cockroach (D:1)
  3 goblins (D:1)
  2 kobolds (D:1)
  A ball python (D:1)
  A frilled lizard (D:1)
  2 rats (D:1)
15 creatures vanquished.

Notes
Turn   | Place    | Note
-------+----------+-------------------------------------------
     0 | D:1      | BritishOli the Demonspawn Fighter began the quest for the
                  | Orb.
     0 | D:1      | Reached XP level 1. HP: 18/18 MP: 1/1
    63 | D:1      | Gained mutation: You have sharp fingernails. [demonic
                  | ancestry]
    63 | D:1      | Reached XP level 2. HP: 24/24 MP: 2/2
   134 | D:1      | Gained mutation: You are slightly more attuned to the
                  | shadows. [demonic ancestry]
   134 | D:1      | Reached XP level 3. HP: 16/29 MP: 3/3
   138 | D:1      | Quit the game

Illustrated notes

Levels and vault maps discovered:
D:1:      dpeg_arrival_more_subterranean_lakeside_camping, layout_basic,
          st_stairs_5

Skill      XL: |  1  2 |
---------------+-------+-----
Long Blades    | 2 |  2.2
Armour         | 3 |  3.0
Shields        | 3 |  3.0
Fighting       | |  3.3

Action                   || total
-------------------------++-------
Melee: Long sword        ||    44
Armor: Scale mail        ||    32
Dodge: Dodged            ||    16
Block: Kite shield       ||    31
       Rpst.: Long sword ||     8

Table legend:
 A = Non-vault XP
 B = Vault XP
 C = Vault XP percentage of total XP
 D = Non-vault monster count
 E = Vault monster count
 F = Vault count percentage of total count
                 A         B        C        D         E       F
            +---------+---------+-------+---------+---------+-------
      Total |      41 |       2 |   4.7 |      14 |       1 |   6.7
            +---------+---------+-------+---------+---------+-------
        D:1 |      41 |       2 |   4.7 |      14 |       1 |   6.7
            +---------+---------+-------+---------+---------+-------
